 Dungeon Crawl Stone Soup version 0.30-a0-760-g5a9884bb7c (webtiles) character file.

Game seed: 14181956839640053348

163 Sabo the Protected (level 5, -7/37 HPs)
             Began as a Gnoll Wanderer on Feb 12, 2023.
             Was an Initiate of Cheibriados.
             Mangled by an ogre
             ... wielding a +0 giant club
              (12 damage)
             ... on level 6 of the Dungeon.
             The game lasted 00:18:17 (3342 turns).

Sabo the Protected (Gnoll Wanderer)                 Turns: 3342, Time: 00:18:17

Health: -7/37      AC: 15    Str: 10    XL:     5   Next: 44%
Magic:  7/7        EV:  6    Int: 13    God:    Cheibriados [......]
Gold:   200        SH:  0    Dex: 16    Spells: 7/7 levels left

rFire   . . .      SeeInvis .    a - +3 quarterstaff
rCold   . . .      Faith    .    (shield currently unavailable)
rNeg    . . .      Spirit   .    F - +0 chain mail
rPois   .          Reflect  .    c - +0 helmet
rElec   .          Harm     .    C - +2 cloak {Stlth+}
rCorr   +          Rampage  .    (no gloves)
Will    .....                    (no boots) Stlth
                                 g - amulet of regeneration
HPRegen 1.06/turn                y - ring of resist corrosion
MPRegen 0.10/turn                (no ring)

@: very slow
A: fangs 1, strong nose, distributed training
a: Renounce Religion


You were on level 6 of the Dungeon.
You worshipped Cheibriados.
Cheibriados was noncommittal.
You visited 1 branch of the dungeon, and saw 5 of its levels.

You collected 200 gold pieces.

Inventory:

Hand Weapons
 a - a +3 quarterstaff (weapon)
 b - a +0 short sword
 k - a +0 sling
 B - a +2 quarterstaff of chaos
Armour
 c - a +0 helmet (worn)
 e - a +0 robe
 f - a +0 ring mail
 C - a +2 cloak of stealth (worn)
 F - a +0 chain mail (worn)
Jewellery
 g - an amulet of regeneration (around neck)
 u - an amulet of magic regeneration
 y - a ring of resist corrosion (left hand)
 D - an amulet of reflection
Wands
 r - a wand of polymorph (5)
Scrolls
 d - a scroll of fear
 n - a scroll of enchant weapon
 q - 2 scrolls of teleportation
 s - 2 scrolls of enchant armour {unknown}
 t - a scroll of blinking
 v - a scroll of silence {unknown}
 x - a scroll of identify {unknown}
 A - a scroll of torment {unknown}
 E - a scroll of vulnerability {unknown}
 G - a scroll of magic mapping {unknown}
Potions
 h - a potion of resistance {unknown}
 i - a potion of heal wounds {unknown}
 j - 5 potions of lignification {unknown}
 l - 6 potions of curing {unknown}
 m - a potion of flight {unknown}
 o - 3 potions of berserk rage {unknown}
 p - 2 potions of brilliance {unknown}
 w - a potion of mutation {unknown}
 z - a potion of might {unknown}
 H - a potion of degeneration {unknown}


   Skills:
 + Level 1.5 Fighting
 + Level 3.0 Short Blades
 + Level 1.5 Long Blades
 + Level 1.5 Axes
 + Level 1.5 Maces & Flails
 + Level 1.5 Polearms
 + Level 8.6 Staves
 + Level 1.5 Ranged Weapons
 + Level 1.5 Throwing
 + Level 8.6 Armour
 + Level 3.0 Dodging
 + Level 1.5 Stealth
 + Level 1.5 Shields
 + Level 1.5 Unarmed Combat
 + Level 1.5 Spellcasting
 + Level 1.2 Conjurations
 + Level 1.2 Hexes
 + Level 1.2 Summonings
 + Level 1.2 Necromancy
 + Level 1.2 Translocations
 + Level 1.2 Transmutations
 + Level 1.2 Fire Magic
 + Level 1.2 Ice Magic
 + Level 1.2 Air Magic
 + Level 1.2 Earth Magic
 + Level 1.2 Poison Magic
 + Level 1.7 Invocations
 + Level 1.5 Evocations


You had 7 spell levels left.
You didn't know any spells.
Your spell library contained the following spells:

 Spells                   Type           Power      Damage    Failure   Level
 Gell's Gravitas          Tloc           4%         N/A       100%        3
 Teleport Other           Tloc           4%         N/A       100%        3
 Dispersal                Tloc           2%         N/A       100%        6


Dungeon Overview and Level Annotations

Branches:
Dungeon (6/15)
 Temple: D:4-7

Altars:
Cheibriados
Ru
Sif Muna
Xom

Shops:
D:2 ((((=   D:3 [   D:4 *


Innate Abilities, Weirdness & Mutations

You have very sharp teeth.
Your uncanny sense of smell can sniff out nearby items.
Your experience applies equally to all skills.


Message History

You barely miss the orc. You bite the orc, but do no damage.
The orc hits you but does no damage.
You closely miss the orc. You bite the orc, but do no damage.
The orc barely misses you.
You barely miss the orc. You hit the orc. You bite the orc, but do no damage.
The orc is almost dead.
The orc hits you with a +0 mace.
You hit the orc.
You kill the orc!
Cheibriados appreciates the change of pace.
Things that are here:
a +0 mace; a +0 leather armour; an orc corpse
Things that are here:
a +0 mace; a +0 leather armour; an orc corpse
Found 17 gold pieces.
Found a stone staircase leading down.
l - 6 sedimented ruby potions (gained 1)
Found a mace.
Found a scroll labelled AMPIAVO RUAWK.
You now have 200 gold pieces (gained 17).
s - 2 scrolls labelled AMPIAVO RUAWK (gained 1)
Found a dagger.
An ogre comes into view. It is wielding a +0 giant club.
The ogre shouts!
You hear an angry hiss.
The ogre hits you with a +0 giant club!
You sock the ogre! You bite the ogre.
The ogre is moderately wounded.
The ogre hits you with a +0 giant club.
You hit the ogre.
The ogre is moderately wounded.
You hit the ogre. You bite the ogre, but do no damage.
The ogre is heavily wounded.
The ogre hits you with a +0 giant club!!
Ouch! That really hurt!
* * * LOW HITPOINT WARNING * * *
You barely miss the ogre.
The ogre is heavily wounded.
The ogre hits you with a +0 giant club!
You die...

#...# #... ###....
#...# ###.# ##.....
#...# .###..##.# #...#
.....##.. #)..#
#........
###.#########.....#.#
##..........##..#.#...
##............#........
#.....@.........#..##..
#.....O..........#. #.#
#................. ...)
#.............. . .....
#............. #.......
##............ .......
##........... .......
#####.######


You could see an ogre.

Vanquished Creatures
  Crazy Yiuf (D:2)
  2 iguanas (D:6)
  2 adders
  A worm (D:3)
  4 orcs
  7 ball pythons
  5 endoplasms
  6 goblins
  5 hobgoblins
  3 jackals
  3 quokkas
  A bat (D:1)
  3 frilled lizards
  6 kobolds
  6 rats
55 creatures vanquished.

Notes
Turn   | Place    | Note
-------+----------+-------------------------------------------
     0 | D:1      | Sabo the Gnoll Wanderer began the quest for the Orb.
     0 | D:1      | Sabo set off with the following items: a +2 quarterstaff, a
                  | +0 short sword, a +0 helmet, a scroll of fear, a +0 robe.
     0 | D:1      | Reached XP level 1. HP: 13/13 MP: 1/1
   182 | D:1      | Reached XP level 2. HP: 16/19 MP: 2/2
   509 | D:1      | Reached XP level 3. HP: 25/25 MP: 3/3
  1062 | D:2      | Found Sibiepoimn's Jewellery Shoppe.
  1074 | D:2      | Reached skill level 1 in Invocations
  1299 | D:2      | Found Hoki's Weapon Shop.
  1477 | D:2      | Reached skill level 1 in Fighting
  1477 | D:2      | Reached skill level 1 in Long Blades
  1477 | D:2      | Reached skill level 1 in Axes
  1477 | D:2      | Reached skill level 1 in Maces & Flails
  1477 | D:2      | Reached skill level 1 in Polearms
  1477 | D:2      | Reached skill level 1 in Ranged Weapons
  1477 | D:2      | Reached skill level 1 in Throwing
  1477 | D:2      | Reached skill level 1 in Stealth
  1477 | D:2      | Reached skill level 1 in Shields
  1477 | D:2      | Reached skill level 1 in Unarmed Combat
  1477 | D:2      | Reached skill level 1 in Spellcasting
  1477 | D:2      | Reached skill level 1 in Evocations
  1812 | D:2      | Found Diqushrygo's Weapon Boutique.
  1814 | D:2      | Found Ivixitso's Antique Weapon Shop.
  1863 | D:2      | Found Pimusyos's Weapon Emporium.
  1989 | D:2      | Found a runed translucent door.
  1990 | D:2      | Noticed Crazy Yiuf
  1997 | D:2      | Killed Crazy Yiuf
  1998 | D:2      | Reached skill level 1 in Conjurations
  1998 | D:2      | Reached skill level 1 in Hexes
  1998 | D:2      | Reached skill level 1 in Summonings
  1998 | D:2      | Reached skill level 1 in Necromancy
  1998 | D:2      | Reached skill level 1 in Translocations
  1998 | D:2      | Reached skill level 1 in Transmutations
  1998 | D:2      | Reached skill level 1 in Fire Magic
  1998 | D:2      | Reached skill level 1 in Ice Magic
  1998 | D:2      | Reached skill level 1 in Air Magic
  1998 | D:2      | Reached skill level 1 in Earth Magic
  1998 | D:2      | Reached skill level 1 in Poison Magic
  1998 | D:2      | Reached XP level 4. HP: 32/32 MP: 5/5
  2306 | D:3      | Found Ceilies's Armour Shoppe.
  2307 | D:3      | Found a shimmering blue altar of Sif Muna.
  2403 | D:3      | Found a snail-covered altar of Cheibriados.
  2502 | D:3      | Became a worshipper of Cheibriados the Contemplative
  2672 | D:3      | Found a shimmering altar of Xom.
  2692 | D:3      | Found a sacrificial altar of Ru.
  2989 | D:3      | Found a faded altar of an unknown god.
  3087 | D:4      | Found Lukeic's Assorted Antiques.
  3090 | D:4      | You fall into a shaft and drop 2 floors!
  3113 | D:6      | Reached XP level 5. HP: 26/37 MP: 5/7
  3335 | D:6      | Noticed an ogre
  3342 | D:6      | Mangled by an ogre

Illustrated notes

Levels and vault maps discovered:
D:1:      mrwooster_arrival_statue_2, layout_loops_corners
D:2:      minmay_door_path, layout_basic, serial_shops,
          nicolae_shop_window_shopping, shop, nicolae_shop_bloodbath_and_beyond,
          nicolae_lakefront_shop, shop, uniq_crazy_yiuf_cottage
D:3:      wander_river, layout_rooms, mainiacjoe_overflow_surrounded_room,
          mainiacjoe_overflow_catwalk_spiral,
          mainiacjoe_overflow_concentric_impassable, serial_shops,
          nicolae_square_shop, ebering_ecumenical_altar_petrified
D:4:      layout_rooms, serial_shops, nicolae_shop_stone, ebering_ghost_sewer_d,
          minmay_unequal
D:6:      layout_rooms, trog_book, minmay_misc_feat_x, kennysheep_nub,
          hangedman_abyss_or_decor_lesser_grid

Skill      XL: |  1  2  3  4 |
---------------+-------------+-----
Invocations    | 1 |  1.7
Fighting       | 1 |  1.5
Long Blades    | 1 |  1.5
Axes           | 1 |  1.5
Maces & Flails | 1 |  1.5
Polearms       | 1 |  1.5
Ranged Weapons | 1 |  1.5
Throwing       | 1 |  1.5
Stealth        | 1 |  1.5
Shields        | 1 |  1.5
Unarmed Combat | 1 |  1.5
Spellcasting   | 1 |  1.5
Evocations     | 1 |  1.5
Conjurations   | 1 |  1.2
Hexes          | 1 |  1.2
Summonings     | 1 |  1.2
Necromancy     | 1 |  1.2
Translocations | 1 |  1.2
Transmutations | 1 |  1.2
Fire Magic     | 1 |  1.2
Ice Magic      | 1 |  1.2
Air Magic      | 1 |  1.2
Earth Magic    | 1 |  1.2
Poison Magic   | 1 |  1.2
Short Blades   | 3 |  3.0
Dodging        | 3 |  3.0
Staves         | |  8.6
Armour         | |  8.6

Action                     |  1- 3 |  4- 6 || total
---------------------------+-------+-------++-------
  Melee: Quarterstaff      |    91 |    66 ||   157
         Bite              |     4 |    14 ||    18
    Use: Scroll            |       |     3 ||     3
   Stab: Sleeping          |       |     2 ||     2
 Armour: Ring mail         |    36 |    14 ||    50
         Chain mail        |       |    13 ||    13
  Dodge: Dodged            |    44 |    23 ||    67

Table legend: (Time is in decaauts)
 A = Elapsed time spent in this place.
 B = Non-inter-level travel time spent in this place.
 C = Inter-level travel time spent in this place.
 D = Time resting spent in this place.
 E = Time spent auto-exploring this place.
 F = Levels seen in this place.
 G = Mean time per level.
                   A        B        C        D        E       F      G
               +--------+--------+--------+--------+--------+-----+--------+
         Total |   3503 |   3503 |      0 |    293 |      0 |   5 |  700.6 |
       Dungeon |   3503 |   3503 |      0 |    293 |      0 |   5 |  700.6 |
               +--------+--------+--------+--------+--------+-----+--------+

Top non-repeatable levels by time:
     D:2: 1218 daAuts
     D:1: 1043 daAuts
     D:3: 931 daAuts
     D:6: 284 daAuts
     D:4: 25 daAuts
